 Dungeon Crawl Stone Soup version 0.24-a0-123-ga2403f3307 (webtiles) character file.

Game seed: 0

39574 Roikka the Geomancer (level 14, 0/86 HPs)
             Began as a Gargoyle Earth Elementalist on Feb 20, 2019.
             Was an Elder of Vehumet.
             Slain by a sixfirhy (3 damage)
             ... on level 6 of the Lair of Beasts.
             The game lasted 02:13:43 (25841 turns).

Roikka the Geomancer (Gargoyle Earth Elementalist) Turns: 25841, Time: 02:13:43

Health: 0/86       AC: 19    Str: 14    XL:     14   Next: 7%
Magic:  18/27      EV: 12    Int: 19    God:    Vehumet [****..]
Gold:   845        SH:  0    Dex: 10    Spells: 4/32 levels left

rFire    . . .     SeeInvis .   b - staff of earth
rCold    . . .     Gourm    .   (no shield)
rNeg     + + .     Faith    .   D - +0 leather armour {rN+}
rPois    ∞         Spirit   .   U - +2 hat {MR+}
rElec    +         Reflect  .   (no cloak)
rCorr    .         Harm     .   y - +0 pair of gloves
MR       +++..                  (no boots)
Stlth    ++........             (no amulet)
HPRegen  0.24/turn              n - +2 ring of protection
MPRegen  0.20/turn              x - ring of protection from magic

@: about to teleport, marked
A: big wings, negative energy resistance 1, electricity resistance, unbreathing,
petrification resistance, rot immunity, AC +10
a: Fly, Renounce Religion


You were on level 6 of the Lair of Beasts.
You worshipped Vehumet.
Vehumet was greatly pleased with you.
You were not hungry.

You visited 3 branches of the dungeon, and saw 19 of its levels.

You collected 1153 gold pieces.
You spent 308 gold pieces at shops.

Inventory:

Hand Weapons
 a - a +3 morningstar of freezing
 h - a +2 whip of venom
 E - a +0 hunting sling of flaming
Missiles
 k - 17 stones (quivered)
 v - a throwing net
Armour
 y - a +0 pair of gloves (worn)
 D - a +0 leather armour of positive energy (worn)
 U - a +2 hat of magic resistance (worn)
Magical Staves
 b - an uncursed staff of earth (weapon)
 F - an uncursed staff of energy
Jewellery
 n - a +2 ring of protection (left hand)
 x - a ring of protection from magic (right hand)
 N - an uncursed ring of positive energy
Wands
 j - a wand of polymorph (9)
 A - a wand of acid (9)
 G - a wand of random effects (59)
 I - a wand of disintegration (6)
 J - a wand of flame (18)
 M - a wand of digging (5)
Scrolls
 c - a scroll of blinking {unknown}
 e - a scroll of enchant weapon
 f - 5 scrolls of teleportation
 i - 3 scrolls of fear
 m - 4 scrolls of magic mapping
 q - a scroll of amnesia
 s - 2 scrolls of fog
 w - 6 scrolls of remove curse
 H - a scroll of torment
 S - 7 scrolls of identify
Potions
 g - 2 potions of flight
 l - 2 potions of agility
 o - 3 potions of invisibility
 p - 2 potions of lignification
 r - 7 potions of curing
 t - a potion of might
 u - 3 potions of mutation
 z - a potion of magic
 C - a potion of cancellation
 K - a potion of ambrosia
 O - 3 potions of resistance
 P - 2 potions of brilliance
 Q - 3 potions of berserk rage
Miscellaneous
 L - a sack of spiders
Comestibles
 d - 34 rations
 B - 2 chunks of flesh


   Skills:
 + Level 9.0 Fighting
 - Level 6.0 Maces & Flails
 - Level 5.0 Armour
 - Level 3.0 Dodging
 - Level 2.1 Stealth
 + Level 9.7 Spellcasting
 * Level 8.3 Conjurations
 * Level 5.5 Summonings
 - Level 4.3 Translocations
 - Level 6.1 Transmutations
 - Level 2.1 Fire Magic
 - Level 12.0 Earth Magic
 - Level 2.1 Poison Magic
 * Level 7.3 Evocations


You had 4 spell levels left.
You knew the following spells:

 Your Spells              Type           Power        Failure   Level  Hunger
a - Spellforged Servitor  Conj/Summ      #####.....   71%         7    #######
b - Stone Arrow           Conj/Erth      ######       1%          3    None
c - Passwall              Tmut/Erth      ######..     1%          2    None
d - Lee's Rapid Deconstr  Erth           ######....   1%          5    #####..
e - Petrify               Tmut/Erth      ######..     2%          4    ###....
f - Force Lance           Conj/Tloc      ####....     1%          4    ###....
g - Ignite Poison         Fire/Tmut/Pois ###.....     1%          3    None

Your spell library contained the following spells:

 Spells                   Type           Power        Failure   Level  Hunger
 Bolt of Magma            Conj/Fire/Erth ######....   3%          5    #####..
 Apportation              Tloc           ####..       1%          1    None
 Beastly Appendage        Tmut           ####..       1%          1    None
 Flame Tongue             Conj/Fire      ####.        1%          1    None
 Sandblast                Erth           ######       1%          1    None
 Shock                    Conj/Air       ####         1%          1    None
 Summon Butterflies       Summ           ####....     1%          1    None
 Sticks to Snakes         Tmut           ####....     1%          2    None
 Throw Flame              Conj/Fire      ####..       1%          2    None
 Conjure Flame            Conj/Fire      ####....     1%          3    None
 Dazzling Spray           Conj/Hex       ####..       1%          3    None
 Static Discharge         Conj/Air       ####....     1%          3    None
 Sticky Flame             Conj/Fire      ####....     3%          4    ###....
 Lesser Beckoning         Tloc           ####......   4%          3    None
 Inner Flame              Hex/Fire       ##......     5%          3    None
 Spider Form              Tmut/Pois      ###.......   5%          3    None
 Corona                   Hex            #......      10%         1    None
 Ensorcelled Hibernation  Hex/Ice        #.....       14%         2    None
 Swiftness                Chrm/Air       #.......     14%         2    None
 Airstrike                Air            #.........   24%         4    ###....
 Ice Form                 Ice/Tmut       ###.....     26%         4    ###....
 Confuse                  Hex            #.......     28%         3    None
 Tukima's Dance           Hex            #.......     28%         3    None
 Fireball                 Conj/Fire      ####......   9%          5    #####..
 Lightning Bolt           Conj/Air       ####......   13%         5    #####..
 Blade Hands              Tmut           ####......   22%         5    #####..
 Alistair's Intoxication  Tmut/Pois      ###.....     43%         5    #####..
 Invisibility             Hex            #.......     100%        6    ######.


Dungeon Overview and Level Annotations

Branches:
Dungeon (12/15)            Temple (1/1) D:5            Lair (6/6) D:11
 Shoals (0/4) Lair:4        Snake (0/4) Lair:4        Slime (0/5) Lair:5
    Orc (0/2) D:9

Altars:
Ashenzari
Cheibriados
Dithmenos
Elyvilon
Fedhas
Gozag
Hepliaklqana
Kikubaaqudgha
Makhleb
Nemelex Xobeh
Qazlal
Ru
Sif Muna
Trog
Uskayaw
Vehumet
Wu Jian
Xom
Yredelemnul
The Shining One
Jiyva

Shops:
D:10 !

Annotations:
D:10 Maurice
Lair:1 3 runed translucent doors, MrRokkomies's ghost, journeyman GnWn
Lair:6 Roikka's ghost, journeyman HOFE


Innate Abilities, Weirdness & Mutations

You are resistant to torment.
Your stone body is resilient. (AC +10)
You are immune to poison.
Your large and strong wings let you fly indefinitely.
You resist negative energy. (rN+)
You are resistant to electric shocks. (rElec)
You can survive without breathing.
You are immune to petrification.
You are immune to rotting.


Message History

The sixfirhy hits you but does no damage.
A dream sheep comes into view.
The spiny frog stings you but does no damage.
Some of the chunks of flesh in your inventory have rotted away.
As you read the scroll of teleportation, it crumbles to dust.
You feel strangely unstable. The spiny frog closely misses you.
The orange demon stings you but does no damage.
The water moccasin completely misses you.
The water moccasin bites you but does no damage.
A lindwurm comes into view.
The sixfirhy hits you but does no damage.
The water moccasin barely misses you. The dream sheep bites you!
* * * LOW HITPOINT WARNING * * *
The sixfirhy hits you but does no damage.
Okay, then.
The sixfirhy hits you but does no damage.
The sixfirhy hits you.
* * * LOW HITPOINT WARNING * * *
The sixfirhy shocks you. You resist.
You die...

...........#.....#
##.#....#........ ...
.#.#...#.#P4..Y## #...
.. ..#...##........#
#.... ##.
..?...#......FY####..k..
#..
..............h.P.....♣
#..
............YSYSY.....♣
#P.
.♣♣....♣♣..♣.4.3....♣♣


.PP ♣♣♣♣..♣♣♣♣♣♣♣♣♣♣@..♣♣ ...P ♣♣♣♣ ♣.♣♣♣ .... .♣♣ ♣♣♣... ♣.♣♣ ♣..... ♣♣..♣♣
...... ♣♣ ♣♣....♣ ♣.... .♣♣ ♣♣♣...♣ ♣.... h3♣♣♣♣ ♣♣♣♣..♣.♣♣ ♣....
♣3...♣♣♣...♣♣♣..♣♣ ♣♣♣.<. You could see an orange demon, a lindwurm, a yak, a
spiny frog, a sixfirhy, a red devil, 2 water moccasins, a hell hound and 4 dream
sheep.

Vanquished Creatures
  5 hydras
  2 catoblepae
  A skeletal warrior (D:11)
  A wizard (Lair:6)
  An ugly thing (D:11)
  A deep elf mage (D:11)
  A wolf spider (D:10)
  A manticore (D:11)
  Psyche (D:11)
  A guardian serpent (shapeshifter) (D:10)
  An orange demon (Lair:6)
  5 black mambas
  9 elephants
  11 spiny frogs
  A centaur skeleton (D:11)
  6 rime drakes
  4 komodo dragons
  2 red devils (Lair:6)
  4 polar bears
  3 blink frogs (Lair:3)
  7 hippogriffs
  11 dream sheep (Lair:5)
  A snapping turtle (Lair:4)
  3 wyverns
  14 yaks
  A vampire (D:10)
  A wraith (D:11)
  Grum (D:9)
  A hungry ghost (D:10)
  19 water moccasins
  8 porcupines
  A hell hound (Lair:6)
  A swamp drake (D:11)
  3 ice beasts
  12 orc warriors
  2 sky beasts (D:10)
  3 black bears
  3 ogres
  3 phantoms
  A hornet zombie (D:10)
  5 wolves
  7 centaurs
  12 crocodiles
  4 big kobolds
  30 bullfrogs
  A wyvern zombie (D:10)
  A wyvern skeleton (D:11)
  A killer bee (D:10)
  5 scorpions
  7 wights
  7 howler monkeys
  An electric eel (D:9)
  A crimson imp (D:11)
  3 centaur zombies
  5 hounds
  A quasit (D:6)
  3 bullfrog zombies
  8 orc priests
  2 jellies
  3 bullfrog skeletons
  6 iguanas
  12 orc wizards
  4 worker ants
  A bullfrog simulacrum (D:9)
  A hound zombie (D:9)
  15 adders
  12 gnolls
  A river rat (D:11)
  2 hound simulacra (D:9)
  2 shadow imps (D:10)
  A white imp (D:9)
  An ufetubus (D:9)
  An adder skeleton (D:5)
  An adder zombie (D:5)
  2 worms (D:3)
  3 dart slugs
  6 leopard geckos
  59 orcs
  4 giant cockroaches
  9 goblins
  4 hobgoblins
  7 jackals
  3 quokkas
  A ball python (D:5)
  9 bats
  A frilled lizard (D:2)
  10 kobolds
  A leopard gecko skeleton (D:7)
  A leopard gecko zombie (D:5)
  A quokka zombie (D:5)
  7 rats
  A fungus (Lair:6)
453 creatures vanquished.

Vanquished Creatures (others)
  A white imp (D:9)
  5 bushes (Lair:4)
  51 fungi
  51 plants
108 creatures vanquished.

Grand Total: 561 creatures vanquished

Notes
Turn   | Place    | Note
-------+----------+-------------------------------------------
     0 | D:1      | Roikka the Gargoyle Earth Elementalist began the quest for
                  | the Orb.
     0 | D:1      | Reached XP level 1. HP: 10/10 MP: 3/3
   128 | D:1      | Reached skill level 4 in Earth Magic
   273 | D:1      | Reached XP level 2. HP: 15/15 MP: 1/5
   827 | D:2      | Reached XP level 3. HP: 19/19 MP: 3/6
   832 | D:2      | Learned a level 3 spell: Stone Arrow
   835 | D:2      | Learned a level 2 spell: Passwall
  1086 | D:2      | Reached skill level 1 in Conjurations
  1090 | D:1      | Reached skill level 5 in Earth Magic
  1090 | D:1      | Reached XP level 4. HP: 16/24 MP: 0/7
  1223 | D:2      | Found a shadowy altar of Dithmenos.
  1698 | D:2      | Reached XP level 5. HP: 14/28 MP: 3/9
  2459 | D:3      | Found a blossoming altar of Fedhas.
  2461 | D:3      | Found an ancient bone altar of Kikubaaqudgha.
  2645 | D:4      | Noticed a phantom
  2662 | D:4      | Killed a phantom
  2662 | D:4      | Reached skill level 1 in Armour
  2662 | D:4      | Reached XP level 6. HP: 30/32 MP: 0/10
  3004 | D:4      | Reached skill level 6 in Earth Magic
  3257 | D:3      | Found a burning altar of Makhleb.
  3257 | D:3      | Found a basalt altar of Yredelemnul.
  3530 | D:4      | Found a snail-covered altar of Cheibriados.
  3531 | D:4      | Found an ornate altar of the Wu Jian Council.
  3623 | D:4      | Reached XP level 7. HP: 27/37 MP: 10/12
  3718 | D:5      | Entered Level 5 of the Dungeon
  3788 | D:5      | Reached skill level 1 in Fighting
  3788 | D:5      | Reached skill level 1 in Maces & Flails
  3790 | D:5      | Found a staircase to the Ecumenical Temple.
  3831 | Temple   | Entered the Ecumenical Temple
  3901 | Temple   | Became a worshipper of Vehumet
  4161 | D:5      | Learned a level 5 spell: Lee's Rapid Deconstruction
  4396 | D:5      | Reached skill level 1 in Transmutations
  5110 | D:6      | Reached XP level 8. HP: 42/44 MP: 14/14
  5257 | D:6      | Reached skill level 7 in Earth Magic
  5291 | D:6      | Reached skill level 5 in Conjurations
  5608 | D:6      | Found a sacrificial altar of Ru.
  5672 | D:6      | Reached skill level 8 in Earth Magic
  5724 | D:6      | You fall through a shaft!
  6167 | D:6      | Reached skill level 9 in Earth Magic
  6836 | D:7      | Reached * piety under Vehumet
  6836 | D:7      | Offered knowledge of Freeze by Vehumet.
  6849 | D:7      | Learned a level 4 spell: Petrify
  6885 | D:7      | Reached XP level 9. HP: 46/50 MP: 15/15
  7666 | D:8      | Found a bloodstained altar of Trog.
  7712 | D:8      | Reached skill level 5 in Spellcasting
  7874 | D:9      | Reached skill level 1 in Evocations
  7882 | D:8      | Reached skill level 10 in Earth Magic
  8314 | D:9      | Noticed a polar bear
  8339 | D:9      | Killed a polar bear
  8557 | D:9      | Offered knowledge of Searing Ray by Vehumet.
  8672 | D:9      | Reached ** piety under Vehumet
  8912 | D:9      | Reached XP level 10. HP: 43/56 MP: 8/18
 10147 | D:9      | Found a staircase to the Orcish Mines.
 10176 | D:9      | Offered knowledge of Inner Flame by Vehumet.
 10530 | D:9      | Noticed Grum
 10798 | D:9      | Killed Grum
 10798 | D:9      | Reached *** piety under Vehumet
 10798 | D:9      | Reached skill level 5 in Fighting
 10914 | D:9      | Reached skill level 11 in Earth Magic
 11084 | D:10     | Entered Level 10 of the Dungeon
 11729 | D:10     | Offered knowledge of Force Lance by Vehumet.
 11766 | D:10     | Found Niasmyr's Distillery.
 11780 | D:10     | Bought a potion of resistance for 140 gold pieces
 11780 | D:10     | Bought a potion of lignification for 42 gold pieces
 11780 | D:10     | Bought a potion of brilliance for 56 gold pieces
 11780 | D:10     | Bought a potion of heal wounds for 70 gold pieces
 11887 | D:10     | Reached skill level 5 in Transmutations
 11887 | D:10     | Reached XP level 11. HP: 62/64 MP: 21/21
 11898 | D:10     | Learned a level 4 spell: Force Lance
 11930 | D:10     | Reached skill level 1 in Translocations
 12197 | D:10     | Reached skill level 12 in Earth Magic
 12216 | D:10     | Reached **** piety under Vehumet
 12315 | D:10     | Found a runed translucent door.
 12329 | D:10     | Found an ancient bone altar of Kikubaaqudgha.
 12633 | D:10     | Offered knowledge of Ignite Poison by Vehumet.
 12640 | D:10     | Learned a level 3 spell: Ignite Poison
 12707 | D:10     | Found a runed translucent door.
 13142 | D:11     | Reached skill level 1 in Poison Magic
 13148 | D:11     | Noticed Psyche
 13154 | D:11     | Killed Psyche
 13423 | D:11     | Noticed Maurice
 13515 | D:11     | Noticed a deep elf mage
 13537 | D:11     | Killed a deep elf mage
 13537 | D:11     | Reached skill level 1 in Fire Magic
 13973 | D:11     | Noticed a purple ugly thing
 13987 | D:11     | Killed a purple ugly thing
 13993 | D:11     | Noticed a death knight
 14103 | D:11     | Noticed a skeletal warrior
 14140 | D:11     | Killed a skeletal warrior
 14475 | D:10     | Noticed a wolf spider
 14482 | D:10     | Killed a wolf spider
 15548 | D:10     | Reached XP level 12. HP: 61/70 MP: 24/24
 16129 | D:11     | Found a staircase to the Lair.
 16308 | D:11     | Reached ***** piety under Vehumet
 16812 | Lair:1   | Entered Level 1 of the Lair of Beasts
 16870 | Lair:1   | Found a runed translucent gate.
 16870 | Lair:1   | Noticed MrRokkomies's ghost (journeyman GnWn)
 16878 | Lair:1   | Offered knowledge of Spellforged Servitor by Vehumet.
 16884 | Lair:1   | Found a runed translucent gate.
 17030 | Lair:1   | Found a runed translucent gate.
 17438 | Lair:1   | Reached skill level 5 in Evocations
 17455 | Lair:1   | Noticed a four-headed hydra
 17456 | Lair:1   | Noticed an eight-headed hydra
 17494 | Lair:1   | Killed an eight-headed hydra
 17495 | Lair:1   | Killed a four-headed hydra
 18186 | Lair:2   | Reached skill level 5 in Maces & Flails
 18200 | Lair:2   | Learned a level 7 spell: Spellforged Servitor
 18479 | Lair:2   | Reached skill level 1 in Summonings
 20516 | Lair:4   | Reached XP level 13. HP: 78/78 MP: 10/26
 20867 | Lair:4   | Reached skill level 5 in Armour
 21355 | Lair:4   | Found a staircase to the Snake Pit.
 21977 | Lair:4   | Found a staircase to the Shoals.
 23139 | Lair:5   | Offered knowledge of Bolt of Magma by Vehumet.
 23438 | Lair:5   | Found a viscous altar of Jiyva.
 23438 | Lair:5   | Found a staircase to the Slime Pits.
 24274 | Lair:6   | Entered Level 6 of the Lair of Beasts
 24804 | Lair:6   | Reached skill level 5 in Summonings
 25090 | Lair:6   | Found a burning altar of Makhleb.
 25210 | Lair:6   | Gained mutation: Your large and strong wings let you fly
                  | indefinitely. [Gargoyle growth]
 25210 | Lair:6   | Reached XP level 14. HP: 76/84 MP: 4/27
 25778 | Lair:6   | Noticed Roikka's ghost (journeyman HOFE)
 25840 | Lair:6   | HP: 4/86 [dream sheep (7)]
 25841 | Lair:6   | Slain by a sixfirhy

Levels and vault maps discovered:
D:1:      minmay_arrival_five_plusses, layout_basic, chequers_garden,
          minmay_misc_feat_iff
D:2:      minmay_skewed_foursquare, layout_rooms, old_standard_altar,
          grunt_decor_cap, roderic_lattice_a
D:3:      layout_rooms, grunt_temple_overflow_growth_and_decay,
          nicolae_overflow_hidden_temple, first_ration
D:4:      kennysheep_big_flooded_room, layout_loops_cross,
          gammafunk_temple_overflow_pools
D:5:      layout_layer_cave, minmay_temple_entry_offerings
D:6:      layout_basic, nicolae_ru_path_of_blood
D:7:      layout_basic
D:8:      layout_rooms, lightli_temple_of_fire, blue_anna_alchemist
          [blue_anna_fruit_fields, blue_anna_fruit_fields]
D:9:      layout_small_grid, hiddenorc2_lemuel, serial_ice, serial_ice_m,
          serial_ice_a, serial_ice_g, serial_ice_j, serial_ice_c, serial_ice_h,
          serial_ice_o, uniq_grum
D:10:     cheibrodos_histonic, layout_basic, basic_altar, serial_shops,
          nicolae_shop_waterfront, kennysheep_pointless_box
D:11:     layout_basic, due_lair_maze_entry_diamond, pond, uniq_psyche,
          uniq_maurice
D:12:     layout_cave_pools, serial_shops, shop, evilmike_minifort, uniq_kirke
Temple:   oiseaux_autumnal_temple
Lair:1:   layout_hall_layers, gammafunk_ghost_split,
          hangedman_lair_generics_rect
Lair:2:   layout_chaotic_city, grunt_megastairs_1, lemuel_fruit_tree
Lair:3:   layout_cave_pods, infiniplex_staircase_pool_2, serial_bayou_shore_a,
          grunt_megastairs_3, lemuel_fruit_fields
Lair:4:   layout_big_grid, minmay_shoals_entry_hut,
          minmay_snake_entry_six_corridors, serial_forest,
          infiniplex_forest_end_2, infiniplex_forest_straight_2,
          infiniplex_forest_lined_2
Lair:5:   layout_regular_city, slime_altar_1
Lair:6:   evil_forest, layout_layer_cave, gammafunk_ghost_arena

Skill      XL: |  1  2  3  4  5  6  7  8  9 10 11 12 13 14 |
---------------+-------------------------------------------+-----
Earth Magic    | 4 5 6 9 10 11 12 | 12.0
Conjurations   | 1 2 3 4 5 8 |  8.3
Spellcasting   | 3 4 5 6 8 9 |  9.7
Armour         | 1 2 4 5 |  5.0
Fighting       | 2 3 4 5 6 7 8 9 |  9.0
Maces & Flails | 2 3 5 6 |  6.0
Transmutations | 1 2 3 5 6 |  6.1
Evocations     | 2 4 5 7 |  7.3
Translocations | 4 |  4.3
Poison Magic   | 2 |  2.1
Fire Magic     | 2 |  2.1
Dodging        | 2 3 |  3.0
Summonings     | 2 5 |  5.5
Stealth        | |  2.1

Action                   |  1- 3 |  4- 6 |  7- 9 | 10-12 | 13-15 || total
-------------------------+-------+-------+-------+-------+-------++-------
Melee: Dagger            |    42 |   100 |       |       |       ||   142
       Unarmed           |     2 |       |       |       |       ||     2
       Short sword       |       |    19 |       |       |       ||    19
       Whip              |       |     6 |   278 |   473 |       ||   757
       Morningstar       |       |       |       |   196 |   113 ||   309
       Staff             |       |       |       |       |     3 ||     3
 Fire: Hunting sling     |       |    42 |    33 |       |       ||    75
Throw: Stone             |     1 |       |     2 |     1 |       ||     4
 Cast: Sandblast         |    20 |    54 |    55 |     6 |       ||   135
       Stone Arrow       |       |     1 |    36 |   165 |   173 ||   375
       Lee's Rapid Decon |       |       |     6 |    41 |    24 ||    71
       Petrify           |       |       |     3 |    21 |    23 ||    47
       Force Lance       |       |       |       |    17 |     2 ||    19
       Ignite Poison     |       |       |       |     3 |       ||     3
Evoke: Wand              |       |       |       |     4 |       ||     4
       Staff of energy   |       |       |       |     2 |       ||     2
  Use: Scroll            |     5 |     3 |    11 |    19 |     2 ||    40
       Potion            |       |       |       |     5 |     2 ||     7
 Stab: Sleeping          |     4 |     2 |     1 |     2 |     1 ||    10
       Petrified         |       |       |     9 |    45 |    23 ||    77
       Petrifying        |       |       |       |       |     2 ||     2
  Eat: Chunk             |     1 |     8 |    21 |    34 |    14 ||    78
       Ration            |       |       |       |     6 |     3 ||     9
Armor: Robe              |    24 |    40 |       |       |       ||    64
       Leather armour    |       |    28 |   153 |   465 |   186 ||   832
Dodge: Dodged            |    38 |   130 |   177 |   523 |   194 ||  1062

Table legend:
 A = Non-vault XP
 B = Vault XP
 C = Vault XP percentage of total XP
 D = Non-vault monster count
 E = Vault monster count
 F = Vault count percentage of total count
                 A         B        C        D         E       F
            +---------+---------+-------+---------+---------+-------
      Total |   37576 |   18959 |  33.5 |     325 |     127 |  28.1
            +---------+---------+-------+---------+---------+-------
        D:1 |      42 |       0 |   0.0 |      15 |       0 |   0.0
        D:2 |     116 |      18 |  13.4 |      15 |       5 |  25.0
        D:3 |     115 |       0 |   0.0 |      26 |       0 |   0.0
        D:4 |     380 |       3 |   0.8 |      17 |       1 |   5.6
        D:5 |     507 |       0 |   0.0 |      15 |       0 |   0.0
        D:6 |     783 |       0 |   0.0 |      23 |       0 |   0.0
        D:7 |     694 |       0 |   0.0 |      22 |       0 |   0.0
        D:8 |     499 |     633 |  55.9 |       8 |       7 |  46.7
        D:9 |    2186 |    2360 |  51.9 |      27 |      42 |  60.9
       D:10 |    3356 |    2691 |  44.5 |      41 |      22 |  34.9
       D:11 |    4154 |    2467 |  37.3 |      27 |      14 |  34.1
       D:12 |      13 |       0 |   0.0 |       1 |       0 |   0.0
     Lair:1 |    1731 |    3362 |  66.0 |      10 |       7 |  41.2
     Lair:2 |    3025 |       0 |   0.0 |      14 |       0 |   0.0
     Lair:3 |    5115 |      90 |   1.7 |      17 |       1 |   5.6
     Lair:4 |    5480 |    1561 |  22.2 |      17 |      13 |  43.3
     Lair:5 |    6536 |       0 |   0.0 |      21 |       0 |   0.0
     Lair:6 |    2844 |    5774 |  67.0 |       9 |      15 |  62.5
            +---------+---------+-------+---------+---------+-------
